 Dungeon Crawl Stone Soup version 0.28-a0-655-g4eb62b627b (webtiles) character file.

Game seed: 18125547176080003779

345 cheechan the Sneak (level 6, -5/43 HPs)
             Began as an Octopode Chaos Knight on Oct 12, 2021.
             Was a Plaything of Xom.
             Slain by a gnoll sergeant (11 damage)
             ... on level 5 of the Dungeon.
             The game lasted 00:14:21 (3683 turns).

cheechan the Sneak (Octopode Chaos Knight)          Turns: 3683, Time: 00:14:23

Health: -5/43      AC:  1    Str: 11    XL:     6   Next: 58%
Magic:  6/6        EV: 14    Int: 14    God:    Xom [.*....]
Gold:   122        SH:  0    Dex: 14    Spells: 5/5 levels left

rFire   + . .      SeeInvis .   a - +0 short sword (chaos)
rCold   + . .      Faith    .   (no shield)
rNeg    . . .      Spirit   .   (helmet restricted)
rPois   +          Reflect  .   (no amulet)
rElec   +          Harm     .   d - ring of resist corrosion
rCorr   +          Rampage  .   (no ring)
Will    .....                   (no ring)
Stlth   ++++......              (no ring)
HPRegen 0.14/turn               (no ring)
MPRegen 0.10/turn               (no ring)
                                (no ring)
                                (no ring)

@: resistant
A: almost no armour, amphibious, 8 rings, camouflage 1, gelatinous body 1,
(nimble swimmer 1), tentacles
a: Renounce Religion


You were on level 5 of the Dungeon.
You worshipped Xom.
You were a plaything of Xom.
You visited 1 branch of the dungeon, and saw 5 of its levels.

You collected 122 gold pieces.

Inventory:

Hand Weapons
 a - a +0 short sword of chaos (weapon)
 b - a +0 hunting sling
 c - a +0 rapier
 i - a +0 falchion
Missiles
 j - 66 stones
 k - 4 boomerangs (quivered)
 m - 18 bolts
 o - 4 arrows
Jewellery
 d - a ring of resist corrosion (left tentacle)
Scrolls
 f - 2 scrolls of magic mapping
Potions
 e - a potion of attraction
 g - a potion of degeneration {unknown}
 h - 2 potions of brilliance
 l - a potion of resistance
 n - a potion of might
 p - a potion of mutation
 q - a potion of magic {unknown}


   Skills:
 + Level 3.9 Fighting
 + Level 4.9 Short Blades
 + Level 0.8 Throwing
 + Level 3.1 Dodging
 * Level 5.1 Stealth


You had 5 spell levels left.
You didn't know any spells.
Your spell library contained the following spells:

 Spells                   Type           Power      Damage    Failure   Level
 Inner Flame              Hex/Fire       0%         N/A       65%         3
 Portal Projectile        Hex/Tloc       0%         N/A       65%         3
 Hailstorm                Conj/Ice       0%         3d3       96%         4


Dungeon Overview and Level Annotations

Branches:
Dungeon (5/15)
 Temple: D:4-7

Altars:
Cheibriados
Nemelex Xobeh

Shops:
D:4 [


Innate Abilities, Weirdness & Mutations

You cannot wear most types of armour.
You are amphibious.
You can wear up to eight rings at the same time.
Your skin changes colour to match your surroundings (Stealth+).
Your rubbery body absorbs attacks. (AC +1, EV +1)
((You are camouflaged near water. (Stealth+)))
You have tentacles for arms and can constrict up to eight enemies at once.


Message History

You have 122 gold pieces.
There is a stone staircase leading up here.
There is an escape hatch in the ceiling here.
There is an escape hatch in the floor here.
You slide downwards.
The hatch slams shut behind you.
Okay, then.
Blink to where?
Press: ? - help, Dir - move target
As you read the scroll of blinking, it crumbles to dust.
The gnoll closely misses you.
You hit the gnoll but do no damage.
The gnoll is devoured by a tear in reality.
You see here a lumpy brown potion.
g - a lumpy brown potion Throw: 4 boomerangs
Press: ? - help, Q - select action, (/) - cycle Shift-Dir - straight line, f - gnoll sergeant
Aim: a gnoll sergeant, wielding a +6 vampiric trident and wearing a +0 ring mail (67% to hit)
You throw a boomerang.
The boomerang hits the gnoll sergeant but does no damage.
Throw: 4 boomerangs
Press: ? - help, Q - select action, (/) - cycle Shift-Dir - straight line, f/p - gnoll sergeant
Aim: a gnoll sergeant, wielding a +6 vampiric trident and wearing a +0 ring mail (67% to hit)
You throw a boomerang. The boomerang hits the gnoll sergeant.
The gnoll sergeant is lightly wounded.
The gnoll sergeant hits you with a +6 vampiric trident!!
You hit the gnoll sergeant but do no damage.
The gnoll sergeant seems to speed up.
You grab the gnoll sergeant.
The gnoll sergeant is lightly wounded.
You constrict the gnoll sergeant, but do no damage.
The gnoll sergeant hits you with a +6 vampiric trident!
* * * LOW HITPOINT WARNING * * *
Okay, then.
You feel protected.
You constrict the gnoll sergeant, but do no damage.
The gnoll sergeant hits you with a +6 vampiric trident.
* * * LOW HITPOINT WARNING * * *
The gnoll sergeant draws strength from your wounds!
The gnoll sergeant hits you with a +6 vampiric trident!
You die...
Xom thinks this is hilarious!

#########
#####.......#
##...#.......#
##............#.
#.....@.........
#.....g.......##
#..g..........#
#.............#
#g#...#g......#
##.##..#.##.....#
#......#.# .....#
#.<###.#.# ..#..#
#.g..gg..#


You could see a gnoll sergeant (fast) and 3 gnolls.

Vanquished Creatures
  An ice beast (D:4)
  A scorpion (D:4)
  A hound (D:4)
  Jessica (D:3)
  A hound skeleton (D:4)
  A mummy (D:4)
  4 adders
  A worm (D:2)
  4 dart slugs (D:3)
  4 orcs
  4 ball pythons
  4 endoplasms
  4 giant cockroaches
  2 goblins (D:3)
  2 hobgoblins (D:1)
  3 jackals (D:1)
  2 kobolds
  9 bats
  2 frilled lizards
  4 rats
55 creatures vanquished.

Vanquished Creatures (others)
  An orc wizard (D:3)
1 creature vanquished.

Grand Total: 56 creatures vanquished

Notes
Turn   | Place    | Note
-------+----------+-------------------------------------------
     0 | D:1      | cheechan the Octopode Chaos Knight began the quest for the
                  | Orb.
     0 | D:1      | Reached XP level 1. HP: 16/16 MP: 1/1
   131 | D:1      | Reached XP level 2. HP: 20/21 MP: 2/2
   444 | D:1      | Found a faded altar of an unknown god.
   784 | D:2      | Reached XP level 3. HP: 25/26 MP: 3/3
  1109 | D:2      | XOM: divination: detect items
  1375 | D:3      | Noticed Jessica
  1379 | D:3      | Killed Jessica
  1380 | D:3      | Reached skill level 1 in Stealth
  1380 | D:3      | Reached XP level 4. HP: 33/33 MP: 4/4
  1398 | D:3      | Found a sparkling altar of Nemelex Xobeh.
  1589 | D:3      | XOM: silly message
  1702 | D:3      | Reached skill level 2 in Stealth
  1800 | D:3      | Got the Collected Works on the Entrancing Frostbite
  1942 | D:3      | Reached XP level 5. HP: 27/37 MP: 5/5
  2006 | D:3      | XOM: silly message
  2343 | D:4      | Found Solijo's Antique Armour Shop.
  2449 | D:4      | Noticed an ice beast
  2452 | D:4      | XOM: divination: magic mapping
  2456 | D:4      | XOM: silly message
  2460 | D:4      | XOM: confuse monster(s)
  2466 | D:4      | XOM: enchant monster (bad)
  2619 | D:4      | XOM: smoke on damage
  2635 | D:4      | Killed an ice beast
  2636 | D:4      | Reached skill level 4 in Stealth
  2636 | D:4      | Reached XP level 6. HP: 13/43 MP: 6/6
  2694 | D:3      | XOM: noise
  2735 | D:3      | XOM: silly message
  2898 | D:4      | XOM: 1-stop teleportation journey
  3120 | D:4      | Reached skill level 5 in Stealth
  3397 | D:4      | Found a snail-covered altar of Cheibriados.
  3517 | D:5      | Entered Level 5 of the Dungeon
  3683 | D:5      | Slain by a gnoll sergeant

Illustrated notes

Levels and vault maps discovered:
D:1:      minmay_arrival_four_circles, layout_basic,
          ebering_ecumenical_altar_mist
D:2:      layout_loops_cross
D:3:      layout_loops_ring, nemelex_xobeh_ov_fountains_minmay, uniq_jessica
D:4:      layout_loops_ring, slow_altar_2, serial_shops, kennysheep_mini,
          st_stairs_4
D:5:      layout_loops_cross, temple_green,
          hangedman_abyss_or_decor_lesser_grid, minmay_puff, uniq_blork_the_orc,
          uniq_ijyb

Skill      XL: |  1  2  3  4  5  6 |
---------------+-------------------+-----
Short Blades   | 4 |  4.9
Stealth        | 1 2 4 5 |  5.1
Dodging        | 3 |  3.1
Fighting       | |  3.9
Throwing       | |  0.8

Action                   |  1- 3 |  4- 6 || total
-------------------------+-------+-------++-------
Melee: Short sword       |    62 |    67 ||   129
       Constrict         |    12 |    12 ||    24
       Tentacles         |     5 |    11 ||    16
Throw: Boomerang         |       |    14 ||    14
  Use: Scroll            |     2 |     9 ||    11
       Potion            |       |     1 ||     1
 Stab: Sleeping          |     5 |     4 ||     9
       Confused          |       |     2 ||     2
Armor: Skin              |     9 |     2 ||    11
Dodge: Dodged            |    44 |    35 ||    79

Table legend: (Time is in decaauts)
 A = Elapsed time spent in this place.
 B = Non-inter-level travel time spent in this place.
 C = Inter-level travel time spent in this place.
 D = Time resting spent in this place.
 E = Time spent auto-exploring this place.
 F = Levels seen in this place.
 G = Mean time per level.
                   A        B        C        D        E       F      G
               +--------+--------+--------+--------+--------+-----+--------+
         Total |   3677 |   3677 |      0 |    751 |      0 |   5 |  735.4 |
       Dungeon |   3677 |   3677 |      0 |    751 |      0 |   5 |  735.4 |
               +--------+--------+--------+--------+--------+-----+--------+

Top non-repeatable levels by time:
     D:3: 1301 daAuts
     D:4: 1011 daAuts
     D:1: 689 daAuts
     D:2: 645 daAuts
     D:5: 29 daAuts
